 Dungeon Crawl Stone Soup version 0.19-a0-750-ga427c98 (webtiles) character file.

5092 TheGoonsmith the Destroyer (level 10, -3/50 HPs)
             Began as a Deep Elf Fire Elementalist on June 25, 2016.
             Was a Believer of Vehumet.
             Killed from afar by a manticore (23 damage)
             ... with a volley of spikes
             ... on level 9 of the Dungeon.
             The game lasted 00:16:19 (9412 turns).

TheGoonsmith the Destroyer (DEFE)                   Turns: 9412, Time: 00:16:21

Health: -3/50      AC:  6    Str:  5    XL:     10   Next: 32%
Magic:  21/24      EV: 17    Int: 24    God:    Vehumet [**....]
Gold:   463        SH:  0    Dex: 15    Spells: 4 memorised, 12 levels left

rFire  . . .     SeeInvis .     N - +10 great sword of the Pariah {slice, +Fly rElec}
rCold  . . .     Gourm    .     a - +0 robe
rNeg   . . .     Faith    .     (shield currently unavailable)
rPois  .         Spirit   .     q - +0 helmet
rElec  +         Dismiss  .     y - +1 cloak
rCorr  .         Reflect  .     M - +0 pair of gloves
SustAt .         Harm     .     (no boots)
MR     +....                    (no amulet)
Stlth  ++........               (no ring)
                                (no ring)

@: manticore barbs, somewhat resistant to hostile enchantments, unstealthy
A: no striking features
a: Renounce Religion, Evoke Flight


You were on level 9 of the Dungeon.
You worshipped Vehumet.
Vehumet was pleased with you.
You were not hungry.

You visited 2 branches of the dungeon, and saw 10 of its levels.
You also visited: Sewer.

You collected 463 gold pieces.

Inventory:

Hand Weapons
 D - the +1 hand axe "Wuang" {chop, rF+ MR+}
   (You found it on level 8 of the Dungeon)

   It inflicts extra damage upon your enemies.
   It protects you from fire.
   It affects your resistance to hostile enchantments.
 N - the +10 great sword of the Pariah (weapon) {slice, +Fly rElec}
   (You found it on level 6 of the Dungeon)

   It inflicts extra damage upon your enemies.
   It insulates you from electricity.
   It lets you fly.
Armour
 a - a +0 robe (worn)
 j - a -2 buckler
 q - a +0 helmet (worn)
 s - a +1 cloak
 y - a +1 cloak (worn)
 M - a +0 pair of gloves (worn)
Magical Staves
 S - an uncursed staff of poison
Jewellery
 d - an uncursed ring of ice
 O - a +3 ring of dexterity {unknown}
Wands
 c - a wand of disintegration (18/24)
 z - a wand of slowing (18/48)
 E - a wand of confusion (16/48)
 H - a wand of iceblast (8/15)
 Q - a wand of enslavement (12/24)
 R - a wand of acid (8/15)
Scrolls
 f - a scroll of blinking
 m - 6 scrolls of teleportation
 r - a scroll of identify
 x - 5 scrolls of remove curse
 C - 3 scrolls of magic mapping
 I - 2 scrolls of enchant armour
Potions
 g - 3 potions of degeneration
 h - a potion of brilliance {unknown}
 i - a potion of haste {unknown}
 n - a potion of magic
 o - 2 potions of curing {unknown}
 p - 3 potions of cure mutation
 t - a potion of might {unknown}
 w - 2 potions of agility
 G - a potion of cancellation {unknown}
 J - a potion of berserk rage {unknown}
 K - a potion of lignification {unknown}
 L - a potion of heal wounds {unknown}
Books
 b - a book of Flames

   Spells                             Type                      Level
   a - Flame Tongue                   Conjuration/Fire             1
   b - Throw Flame                    Conjuration/Fire             2
   c - Conjure Flame                  Conjuration/Fire             3
   d - Inner Flame                    Hexes/Fire                   3
   e - Sticky Flame                   Conjuration/Fire             4
   f - Fireball                       Conjuration/Fire             5
 e - an Akashic Record

   Spells                             Type                      Level
   a - Dispersal                      Translocation                6
   b - Malign Gateway                 Summoning/Translocation      7
   c - Disjunction                    Translocation                8
   d - Controlled Blink               Translocation                8
 B - a book of the Sky

   Spells                             Type                      Level
   a - Summon Lightning Spire         Summoning/Air                4
   b - Airstrike                      Air                          4
   c - Silence                        Hexes/Air                    5
   d - Deflect Missiles               Charms/Air                   6
   e - Conjure Ball Lightning         Conjuration/Air              6
   f - Tornado                        Air                          9
 P - a book of Changes

   Spells                             Type                      Level
   a - Beastly Appendage              Transmutation                1
   b - Sticks to Snakes               Transmutation                2
   c - Spider Form                    Transmutation/Poison         3
   d - Ice Form                       Ice/Transmutation            4
   e - Blade Hands                    Transmutation                5
 T - a book of the Tempests

   Spells                             Type                      Level
   a - Static Discharge               Conjuration/Air              3
   b - Lightning Bolt                 Conjuration/Air              5
   c - Fireball                       Conjuration/Fire             5
   d - Tornado                        Air                          9
   e - Shatter                        Earth                        9
Comestibles
 k - 2 beef jerkies
 l - 4 chunks of flesh
 v - a royal jelly
 F - a slice of pizza


   Skills:
 + Level 8.1 Dodging
 - Level 2.4 Stealth
 - Level 4.1 Shields
 - Level 8.0 Spellcasting
 - Level 9.3 Conjurations
 - Level 9.3 Fire Magic


You had 12 spell levels left.
You knew the following spells:

 Your Spells              Type           Power        Failure   Level  Hunger
a - Flame Tongue          Conj/Fire      #####        1%          1    None
c - Conjure Flame         Conj/Fire      ######..     1%          3    None
f - Fireball              Conj/Fire      ######....   4%          5    #####..
s - Sticky Flame          Conj/Fire      ######..     1%          4    ##.....


Dungeon Overview and Level Annotations

Branches:
Dungeon (9/15)             Temple (1/1) D:4            Lair (0/6) D:9
    Orc: D:9-12

Altars:
Ashenzari
Cheibriados
Dithmenos
Fedhas
Gozag
Hepliaklqana
Kikubaaqudgha
Makhleb
Nemelex Xobeh
Okawaru
Pakellas
Qazlal
Ru
Sif Muna
Trog
Uskayaw
Vehumet
Xom
Yredelemnul
Zin
The Shining One

Annotations:
D:7 DunwichHorror's ghost, novice MfSk


Message History

Press: ? - help, Shift-Dir - straight line, f/p - manticore
Aim: a manticore (steam, moderately wounded)
The flame tongue hits the manticore.
The manticore is heavily wounded.
The manticore is engulfed in a cloud of scalding steam.
The manticore flicks its tail.
The volley of spikes hits you!
The barbed spikes become lodged in your body.
Casting: Flame Tongue
Confirm with . or Enter, or press ? or * to list all spells.
Aiming: Flame Tongue
Press: ? - help, Shift-Dir - straight line, f/p - manticore
Aim: a manticore (steam, heavily wounded)
The flame tongue hits the manticore.
The manticore appears unharmed.
The manticore is heavily wounded.
The manticore is engulfed in a cloud of scalding steam.
The manticore flicks its tail.
The volley of spikes hits you!
The barbed spikes become lodged in your body.
You die...

###### #.... #[..# #...# #...# #
####...# ### #$##.##†##...#
#.#### #≈).H.@≈)'...# ####....#
#$##)##.##)..########## ........#
# ####............. #########
#####......... ### #..#######
#(## #..# #..#############..#
#########.....)...........#######
.......................†.........


You could see a manticore.

Vanquished Creatures
  A manticore (D:9)
  2 trolls (D:9)
  A two-headed ogre (D:9)
  Eustachio (D:5)
  6 yaks
  A hippogriff (D:9)
  A hungry ghost (D:8)
  A water moccasin (D:7)
  A sky beast (D:9)
  An ice beast (D:7)
  A black bear (D:6)
  2 ogres (D:5)
  A phantom (D:9)
  2 centaurs
  2 big kobolds (D:8)
  5 giant frogs
  2 scorpions
  8 wights
  A howler monkey (D:5)
  3 crimson imps
  A centaur skeleton (D:4)
  6 orc wizards
  3 hounds
  2 jellies
  A giant frog skeleton (D:9)
  An orc priest (D:8)
  Crazy Yiuf (D:3)
  Natasha (thrice) (D:3)
  3 worker ants
  A worker ant zombie (D:8)
  6 gnolls
  2 river rats (D:3)
  13 adders
  A shadow imp (D:6)
  12 oozes (Sewer)
  2 worms
  An adder simulacrum (D:9)
  17 giant geckos
  18 orcs
  14 ball pythons
  11 bats
  16 giant cockroaches
  7 goblins
  11 hobgoblins
  2 quokkas
  17 giant newts
  A jackal skeleton (D:4)
  15 kobolds
  A quokka zombie (D:9)
  7 rats
239 creatures vanquished.

Notes
Turn   | Place    | Note
--------------------------------------------------------------
     0 | D:1      | TheGoonsmith the Deep Elf Fire Elementalist began the quest for the Orb.
     0 | D:1      | Reached XP level 1. HP: 10/10 MP: 6/6
   231 | D:1      | Reached XP level 2. HP: 15/15 MP: 5/8
   654 | D:1      | Reached XP level 3. HP: 19/19 MP: 6/9
  1342 | D:2      | Reached XP level 4. HP: 12/24 MP: 3/11
  1410 | D:2      | Learned a level 3 spell: Conjure Flame
  1415 | D:2      | Learned a level 4 spell: Sticky Flame
  1514 | D:2      | You fall through a shaft!
  1556 | D:3      | Noticed Natasha
  1564 | D:3      | Killed Natasha
  1620 | D:3      | Found a glowing drain.
  1650 | Sewer    | Entered a sewer
  1774 | Sewer    | Reached XP level 5. HP: 19/28 MP: 8/13
  2586 | Sewer    | Reached skill level 5 in Spellcasting
  2861 | Sewer    | Reached XP level 6. HP: 32/32 MP: 9/15
  2867 | Sewer    | Reached skill level 5 in Conjurations
  2873 | Sewer    | Reached skill level 5 in Fire Magic
  3160 | D:3      | Found a deep blue altar of Sif Muna.
  3594 | D:3      | Found a runed door.
  3694 | D:3      | Reached skill level 1 in Shields
  3797 | D:3      | Noticed Natasha
  3801 | D:3      | Killed Natasha
  3943 | D:3      | Noticed Crazy Yiuf
  3952 | D:3      | Killed Crazy Yiuf
  4232 | D:3      | Noticed Natasha
  4235 | D:3      | Killed Natasha
  4235 | D:3      | Reached XP level 7. HP: 36/36 MP: 14/17
  4726 | D:4      | Found a staircase to the Ecumenical Temple.
  4758 | Temple   | Entered the Ecumenical Temple
  4854 | Temple   | Became a worshipper of Vehumet
  5470 | D:5      | Entered Level 5 of the Dungeon
  5561 | D:5      | Reached XP level 8. HP: 41/41 MP: 11/18
  5720 | D:5      | Noticed Eustachio
  5743 | D:5      | Killed Eustachio
  5784 | D:5      | Learned a level 5 spell: Fireball
  6291 | D:6      | Got a slimy great sword
  6293 | D:6      | Identified the +10 great sword of the Pariah {slice, +Fly rElec} (You found it on level 6 of the Dungeon)
  6303 | D:6      | Reached * piety under Vehumet
  6303 | D:6      | Offered knowledge of Shock by Vehumet.
  6644 | D:6      | Noticed an angel
  6645 | D:6      | Found a glowing silver altar of Zin.
  7157 | D:7      | Reached XP level 9. HP: 45/45 MP: 13/21
  7407 | D:7      | Noticed DunwichHorror's ghost (novice MfSk)
  7561 | D:8      | Found a blossoming altar of Fedhas.
  7985 | D:8      | Got a polished hand axe
  7987 | D:8      | Identified the cursed +1 hand axe "Wuang" {chop, rF+ MR+} (You found it on level 8 of the Dungeon)
  8094 | D:8      | Found an iron altar of Okawaru.
  8198 | D:8      | Offered knowledge of Sandblast by Vehumet.
  8263 | D:9      | Reached ** piety under Vehumet
  8556 | D:9      | Found a staircase to the Lair.
  8575 | D:9      | Found a hazy altar of Hepliaklqana.
  9011 | D:9      | Noticed a troll
  9025 | D:9      | Killed a troll
  9025 | D:9      | Reached XP level 10. HP: 48/50 MP: 17/24
  9162 | D:9      | Reached skill level 5 in Dodging
  9264 | D:9      | Noticed a manticore
  9269 | D:9      | Killed a manticore
  9408 | D:9      | Noticed a manticore
  9412 | D:9      | Killed from afar by a manticore

Vault maps used:
D:1:      minmay_arrival_open_corners, minmay_misc_feat_alley, minmay_domino_4
D:3:      lemuel_crystal_altar, portal_sewer_entry_a, uniq_natasha,
          uniq_crazy_yiuf_cottage
D:4:      first_bread
D:5:      minmay_misc_feat_four_crosses, uniq_eustachio
D:6:      black_bear_nest_1, zin_angel
D:7:      minmay_misc_feat_iff, nicolae_ru_path_of_blood
D:8:      okawaru_altar_gauntlet_db, fedhas_bush_and_centaur_altar
D:9:      hangedman_cross_veins, nicolae_overflow_crystal_walls,
          lemuel_doored_altar, lair_0_dummy, basic_altar, blue_anna_alchemist
Temple:   minmay_temple_bridge_d
Sewer:    sewer_frog_island_02

Skill      XL: |  1  2  3  4  5  6  7  8  9 10 |
---------------+-------------------------------+-----
Conjurations   | 2 3 4 5 7 9 |  9.3
Fire Magic     | 4 5 7 9 |  9.3
Spellcasting   | 4 5 7 8 |  8.0
Shields        | 2 4 |  4.1
Dodging        | 4 8 |  8.1
Stealth        | |  2.4

Action                   |  1- 3 |  4- 6 |  7- 9 | 10-12 || total
-------------------------+-------+-------+-------+-------++-------
Melee: Unarmed           |     7 |       |       |       ||     7
       Club              |       |     1 |       |       ||     1
       Mace              |       |       |    70 |       ||    70
       Hand axe          |       |       |    48 |    83 ||   131
       Great sword       |       |       |       |     6 ||     6
 Cast: Flame Tongue      |    68 |   141 |   255 |    25 ||   489
       Sticky Flame      |       |     1 |    10 |     4 ||    15
       Fireball          |       |       |     6 |     4 ||    10
       Conjure Flame     |       |       |     1 |       ||     1
  Use: Scroll            |       |     6 |    12 |     1 ||    19
       Potion            |       |       |     1 |       ||     1
  Eat: Chunk             |     1 |     9 |    10 |     1 ||    21
       Bread ration      |       |       |     2 |       ||     2
       Meat ration       |       |       |     1 |       ||     1
       Beef jerky        |       |       |     1 |       ||     1
       Royal jelly       |       |       |       |     1 ||     1
Armor: Robe              |    10 |    13 |    62 |    18 ||   103
Dodge: Dodged            |    27 |    20 |   149 |    67 ||   263
Block: Buckler           |       |       |    37 |    10 ||    47
